 Dungeon Crawl Stone Soup version 0.14-a0-2848-g1d0399b (webtiles) character file.

294 JEFFREY the Slasher (level 5, -3/41 HPs)
             Began as a Formicid Fighter on Feb 27, 2014.
             Was an Initiate of the Shining One.
             Killed from afar by an orc wizard (7 damage)
             ... with a magic dart
             ... on Level 3 of the Dungeon.
             The game lasted 00:06:48 (1948 turns).

JEFFREY the Slasher (Formicid Fighter)              Turns: 1948, Time: 00:06:49

HP  -3/41        AC  8     Str 22      XL: 5   Next: 13%
MP   5/5         EV  6     Int  7      God: the Shining One [......]
Gold 185         SH 18     Dex 10      Spells:  0 memorised,  4 levels left

rFire  . . .     SeeInvis +     a - +0,-1 falchion
rCold  . . .     Clarity  .     m - +0 dwarf scale mail
rNeg   . . .     Conserve .     c - +0 shield
rPois  .         rCorr    .     (helmet unavailable)
rElec  .         rRot     .     (no cloak)
SustAb . .       Spirit   .     (no gloves)
rMut   .         Warding  .     (no boots)
Saprov . . .     Stasis   +     (no amulet)
MR     .....                    (no ring)
                                (no ring)

@: not resistant to hostile enchantments, extremely unstealthy
A: permanent stasis, dig shafts and tunnels, four strong arms, poison weakness,
antennae 3, exoskeleton 1
a: Dig, Shaft Self, Renounce Religion


You were on level 3 of the Dungeon.
You worshipped the Shining One.
The Shining One was noncommittal.
You were not hungry.

You visited 1 branch of the dungeon, and saw 3 of its levels.

You collected 185 gold pieces.

Inventory:

Hand weapons
 a - a +0,-1 falchion (weapon)
Armour
 c - a +0 shield (worn)
 m - a +0 dwarven scale mail (worn)
Comestibles
 d - 2 bread rations
 p - a choko
 s - a pear
 v - an apple
Scrolls
 b - a scroll of curse weapon {unknown}
 e - 2 scrolls of identify {unknown}
 f - 3 scrolls of recharging {unknown}
 h - 2 scrolls of curse jewellery {unknown}
 j - a scroll of fog {unknown}
 k - 2 scrolls of fear {unknown}
 l - 2 scrolls of teleportation {unknown}
 q - a scroll of enchant armour {unknown}
 r - 2 scrolls of immolation {unknown}
Jewellery
 t - a cursed ring of teleportation {unknown}
Potions
 g - a potion of flight {unknown}
 i - a potion of speed {unknown}
 n - 2 potions of curing {unknown}
 o - 2 potions of heal wounds {unknown}
 u - a potion of restore abilities {unknown}


   Skills:
 - Level 3.0 Fighting
 * Level 4.9 Long Blades
 - Level 3.6 Armour
 - Level 3.0 Shields


You had 4 spell levels left.
You didn't know any spells.

Dungeon Overview and Level Annotations

Branches:
Dungeon (3/16)

Altars:
Yredelemnul
The Shining One


Innate Abilities, Weirdness & Mutations

Your are under a permanent stasis effect.
You can dig through walls and to a lower floor.
Your four strong arms can wield any weapon, most with a shield.
You have a pair of large antennae on your head (SInv).
Your body is surrounded by an exoskeleton. (AC +1)


Message History

You hit the orc wizard but do no damage.
The orc wizard is severely wounded.
The orc wizard barely misses you. The orc wizard completely misses you.
You completely miss the orc wizard.
The orc wizard is severely wounded.
The orc wizard hits you but does no damage.
Your shield and scale mail prevent you from hitting the orc wizard.
The orc wizard is severely wounded.
The orc wizard hits you but does no damage.
You hit the orc wizard.
The orc wizard is almost dead.
You block the orc wizard's attack. The orc wizard casts a spell at you.
The magic dart hits you!
* * * LOW HITPOINT WARNING * * *
Your shield and scale mail prevent you from hitting the orc wizard.
The orc wizard is severely wounded.
The orc wizard points at you and mumbles some strange words.
The magic dart hits you!
You die...

##. #.# #. ##### #.# #.
...... #.# #. ....... #.#
## ....... #.# #. .......
#.# #. .......o#########.#
#. ......ogo@.....##.## #.
.>.....o######.....######.
....... ####.......+.
....... #.#######. ##+####
#.# ## #.## #.# # #..# #.#
# ###.### #.# #
###.....### ###'## #


You could see an orc wizard, 3 orcs and a goblin.

Vanquished Creatures
  A jelly (D:3)
  A gnoll (D:1)
  An adder (D:2)
  A worm (D:2)
  A giant gecko (D:1)
  An orc (D:3)
  7 bats
  6 giant cockroaches
  7 goblins
  10 hobgoblins
  A jackal (D:1)
  7 kobolds
  2 ball pythons
  3 giant newts
  2 rats
51 creatures vanquished.

Notes
Turn   | Place    | Note
--------------------------------------------------------------
     0 | D:1      | JEFFREY, the Formicid Fighter, began the quest for the Orb.
     0 | D:1      | Reached XP level 1. HP: 18/18 MP: 1/1
   104 | D:1      | Reached XP level 2. HP: 2/24 MP: 2/2
   467 | D:1      | Reached XP level 3. HP: 29/29 MP: 3/3
   939 | D:2      | Found a glowing golden altar of the Shining One.
   946 | D:2      | Became a worshipper of the Shining One
  1043 | D:2      | Found a basalt altar of Yredelemnul.
  1067 | D:2      | Reached skill level 4 in Long Blades
  1067 | D:2      | Reached XP level 4. HP: 8/35 MP: 4/4
  1866 | D:3      | Reached XP level 5. HP: 37/41 MP: 5/5
  1948 | D:3      | Killed from afar by an orc wizard

Action                   |  1- 3 |  4- 6 || total
-------------------------+-------+-------++-------
Melee: Falchion          |   122 |   121 ||   243
